 Dungeon Crawl Stone Soup version 0.30.1-5-ged363bc7ee (webtiles) character file.

Game seed: 7794798038186476631

16975 Kurtz the Peltast (level 12, -13/64 HPs)
             Began as a Tengu Fighter on Sept 20, 2023.
             Was an Elder of Okawaru.
             Mangled by Rupert
             ... wielding a +0 great mace of protection
              (26 damage)
             ... on level 13 of the Dungeon.
             The game lasted 00:13:42 (12106 turns).

Kurtz the Peltast (Tengu Fighter)                  Turns: 12106, Time: 00:13:43

Health: -13/64     AC: 13    Str: 18    XL:     12   Next: 43%
Magic:  14/14      EV:  6    Int: 17    God:    Okawaru [****..]
Gold:   119        SH: 16    Dex: 21    Spells: 11/11 levels left

rFire   . . .        c - +12 flail "Taloibof" {freeze, Int+4}
rCold   . . .        r - +2 buckler "Sargh" {Int+4 Dex+4}
rNeg    . . .        I - +0 plate armour
rPois   +            (helmet restricted)
rElec   .            g - +0 cloak
rCorr   .            N - +0 pair of gloves
SInv    .            (boots unavailable)
Will    .....        y - amulet of reflection Stlth
                     m - ring of poison resistance
HPRegen 0.30/turn    (no ring)
MPRegen 0.14/turn

%: reflection
@: about to teleport, flying quickly and evasively, studying Poison Magic, quick
A: beak, talons 3, nimble flight
a: Renounce Religion, Heroism, Finesse


You were on level 13 of the Dungeon.
You worshipped Okawaru.
Okawaru was greatly pleased with you.
You visited 2 branches of the dungeon, and saw 15 of its levels.

You collected 609 gold pieces.
You spent 490 gold pieces at shops.

Inventory:

Hand Weapons
 a - a +0 war axe
 c - the +12 flail "Taloibof" (weapon) {freeze, Int+4}
   (You took it off a centaur on level 6 of the Dungeon)

   Int:       It affects your intelligence (+4).
 D - a +1 whip of electrocution
Missiles
 z - 40 poisoned darts (quivered)
 F - a curare-tipped dart
Armour
 g - a +0 cloak (worn)
 i - a scarf of harm
 n - a +0 chain mail
 r - the +2 buckler "Sargh" (worn) {Int+4 Dex+4}
   (You found it on level 2 of the Dungeon)

   Int:       It affects your intelligence (+4).
   Dex:       It affects your dexterity (+4).
 I - a +0 plate armour (worn)
 N - a +0 pair of gloves (worn)
Jewellery
 k - a ring of ice
 m - a ring of poison resistance (left hand)
 y - an amulet of reflection (around neck)
 G - a ring of protection from cold
Wands
 t - a wand of roots (7)
 M - a wand of flame (17)
Scrolls
 b - 3 scrolls of identify
 e - 2 scrolls of brand weapon
 h - 5 scrolls of fog
 o - 2 scrolls of fear
 u - a scroll of torment
 w - 2 scrolls of magic mapping
 x - a scroll of immolation
 E - 5 scrolls of teleportation
 J - 2 scrolls of poison
 K - a scroll of enchant weapon {unknown}
 P - 2 scrolls of silence
 R - 4 scrolls of enchant armour
 S - a scroll of acquirement {unknown}
Potions
 d - a potion of might
 f - a potion of resistance
 j - 3 potions of magic
 l - 4 potions of haste
 p - 2 potions of heal wounds
 q - 5 potions of flight
 s - 2 potions of curing
 v - a potion of ambrosia {unknown}
 A - 2 potions of berserk rage
 B - 3 potions of cancellation
 C - a potion of brilliance {unknown}
 H - 2 potions of attraction
 L - 2 potions of mutation {unknown}
 O - a potion of invisibility {unknown}
 Q - 4 potions of lignification {unknown}


   Skills:
 * Level 3.1 Fighting
 * Level 14.3 Axes
 - Level 3.2 Armour
 * Level 15.2 Shields
 * Level 1.5 Invocations


You had 11 spell levels left.
You didn't know any spells.
Your spell library contained the following spells:

 Spells                   Type           Power      Damage    Failure   Level
 Freeze                   Ice            0%         1d3       100%        1
 Kiss of Death            Conj/Necr      0%         2d5       100%        1
 Sandblast                Erth           0%         2d4       100%        1
 Passwall                 Tmut/Erth      0%         N/A       100%        2
 Confusing Touch          Hex            0%         N/A       100%        3
 Frozen Ramparts          Ice            0%         1d1       100%        3
 Hailstorm                Conj/Ice       0%         3d3       100%        3
 Stone Arrow              Conj/Erth      0%         3d7       100%        3
 Dispel Undead            Necr           0%         3d6       100%        4
 Borgnjor's Revivificati  Necr           0%         N/A       100%        8
 Necromutation            Tmut/Necr      0%         N/A       100%        8
 Death's Door             Necr           0%         N/A       100%        9


Dungeon Overview and Level Annotations

Branches:
Dungeon (14/15)            Temple (1/1) D:7            Lair (0/5) D:10
    Orc (0/2) D:10
 Vaults: D:13-14

Altars:
Ashenzari
Cheibriados
Dithmenos
Elyvilon
Fedhas
Gozag
Hepliaklqana
Kikubaaqudgha
Makhleb
Nemelex Xobeh
Okawaru
Qazlal
Ru
Sif Muna
Trog
Uskayaw
Vehumet
Wu Jian
Xom
Yredelemnul
Zin
The Shining One

Shops:
D:4 !   D:11 *   D:12 (   D:13 *

Annotations:
D:3 Pikel
D:13 Rupert


Innate Abilities, Weirdness & Mutations

You have a beak for a mouth.
You have claws for feet.
Your magical nature lets you fly swiftly and evasively.


Message History

You start resting.
Magic restored.
You start resting.
HP restored.
E - 6 scrolls labelled REPEOTWAROB (gained 1) Rupert the Wild comes into view.
He is wielding a +0 great mace of protection.
Rupert shouts!
An orc comes into view. It is wielding a +0 dagger.
Rupert moves out of view.
The orc shouts!
You hear a shout! x2
An orc comes into view. It is wielding a +0 whip.
A shadow comes into view.
You thump the orc! You freeze the orc.
You kill the orc!
Okawaru accepts your kill.
An orc comes into view. It is wielding a +0 hand axe.
An orc wizard comes into view. It is wielding a +0 dagger.
Rupert throws a stone.
The stone hits you!
Found a faded altar of an unknown god.
The orc shouts!
Rupert hits you with a +0 great mace of protection!
Things that are here:
a +0 dagger; a +0 leather armour; an orc corpse Unknown command.
Rupert roars madly and goes into a rage!
Rupert goes berserk!
As you read the scroll labelled MAVYIGR PADI, it crumbles to dust.
Your body is wracked with pain!
Rupert convulses!
The orc convulses!
It was a scroll of torment.
Rupert hits you with a +0 great mace of protection!
* * * LOW HITPOINT WARNING * * *
Unknown command.
As you read the scroll labelled REPEOTWAROB, it crumbles to dust.
You feel strangely unstable.
It was a scroll of teleportation.
The orc wizard mumbles some strange words.
The orc wizard flickers and vanishes!
Deactivating autopickup; reactivate with Ctrl-A.
You block the shadow's attack.
Rupert hits you with a +0 great mace of protection!!
You die...

....8.8.8.. #...
........... #....
....8...### #....#
......#.# ###.....
....8.#.# ##.....##.
........## ##.........
.........## ###..o.....8.
..........###....@.{.8...
...........#....@##......
...............W## ..._.
...............## ....
..............## ...
.............## 8.
............... .
###............
###........### #.########


You could see Rupert (berserk), a shadow and an orc.

Vanquished Creatures
  Josephine (D:11)
  Erolcha (D:11)
  2 centaur warriors
  4 two-headed ogres
  A manticore (D:12)
  2 ugly things (D:11)
  A cyclops (D:11)
  A gargoyle (D:13)
  A kobold demonologist (D:11)
  A komodo dragon (D:12)
  Psyche (D:11)
  4 trolls
  A slime creature (D:12)
  5 wraiths
  11 yaks
  3 wyverns
  A basilisk (D:11)
  3 vampire mosquitoes (D:10)
  Menkaure (D:6)
  2 steam dragons
  3 acid dragons
  2 water moccasins
  A sky beast (D:7)
  2 black bears
  2 orc warriors
  An ice beast (D:7)
  9 centaurs
  2 ogres
  2 phantoms (D:5)
  3 lemures (D:3)
  4 kobold brigands
  3 scorpions
  13 wights
  7 killer bees
  13 howler monkeys
  4 hounds
  2 jellies
  A gnoll bouda (D:7)
  4 orc priests
  2 sleepcaps
  4 iguanas
  7 orc wizards
  2 scorpion zombies (D:3)
  A gnoll (D:5)
  10 adders
  2 shadow imps
  A white imp (D:6)
  An ufetubus (D:5)
  An adder skeleton (D:3)
  3 worms
  7 dart slugs
  37 orcs
  9 endoplasms
  6 goblins
  5 hobgoblins
  A jackal (D:4)
  3 quokkas
  2 ball pythons
  A ball python skeleton (D:3)
  A ball python zombie (D:3)
  5 bats
  2 frilled lizards
  20 kobolds
  3 rats (D:3)
261 creatures vanquished.

Vanquished Creatures (others)
  5 dream sheep (D:3)
5 creatures vanquished.

Grand Total: 266 creatures vanquished

Notes
Turn   | Place    | Note
-------+----------+-------------------------------------------
     0 | D:1      | Kurtz the Tengu Fighter began the quest for the Orb.
     0 | D:1      | Reached XP level 1. HP: 14/14 MP: 2/2
   324 | D:1      | Reached XP level 2. HP: 19/19 MP: 3/3
   678 | D:1      | Found a faded altar of an unknown god.
  1182 | D:2      | Identified the +2 buckler "Sargh" {Int+4 Dex+4}
  1192 | D:2      | Reached XP level 3. HP: 23/23 MP: 4/4
  1260 | D:2      | Found an opulent altar of Gozag.
  1674 | D:3      | Reached XP level 4. HP: 25/28 MP: 5/5
  1864 | D:3      | Reached skill level 5 in Axes
  1864 | D:3      | Gained mutation: Your magical nature lets you fly swiftly
                  | and evasively. [Tengu growth]
  1864 | D:3      | Reached XP level 5. HP: 28/32 MP: 6/6
  2283 | D:3      | Found a sparkling altar of Nemelex Xobeh.
  2370 | D:3      | Noticed a dream sheep
  2370 | D:3      | Noticed a dream sheep
  2370 | D:3      | Noticed a dream sheep
  2370 | D:3      | Noticed a dream sheep
  2370 | D:3      | Noticed a dream sheep
  2370 | D:3      | Found a shimmering altar of Xom.
  2374 | D:3      | Killed a dream sheep
  2374 | D:3      | Killed a dream sheep
  2374 | D:3      | Killed a dream sheep
  2374 | D:3      | Killed a dream sheep
  2374 | D:3      | Killed a dream sheep
  2409 | D:4      | Noticed a lemure
  2409 | D:4      | Noticed a lemure
  2497 | D:4      | Noticed an ogre
  2500 | D:4      | Found Yviuku's Distillery.
  2534 | D:4      | Noticed a lemure
  2536 | D:4      | Noticed Pikel
  2547 | D:3      | Killed a lemure
  2551 | D:3      | Killed a lemure
  2630 | D:4      | Noticed a lemure
  2639 | D:3      | Killed a lemure
  2765 | D:4      | Reached XP level 6. HP: 37/37 MP: 7/7
  2884 | D:4      | Bought a potion of berserk rage for 50 gold pieces
  3069 | D:4      | Found a basalt altar of Yredelemnul.
  3118 | D:4      | Reached skill level 4 in Shields
  3176 | D:4      | Found a white marble altar of Elyvilon.
  3194 | D:4      | Reached XP level 7. HP: 41/41 MP: 8/8
  3389 | D:5      | Entered Level 5 of the Dungeon
  3941 | D:5      | Reached XP level 8. HP: 39/46 MP: 9/9
  4038 | D:5      | Reached skill level 5 in Shields
  4381 | D:6      | Noticed Menkaure
  4402 | D:6      | Killed Menkaure
  4578 | D:6      | Identified the +12 flail "Taloibof" {freeze, Int+4}
  4583 | D:6      | Reached skill level 10 in Axes
  4782 | D:6      | Reached skill level 6 in Shields
  4907 | D:6      | Found a shadowy altar of Dithmenos.
  4915 | D:6      | Reached XP level 9. HP: 38/50 MP: 10/10
  5577 | D:7      | Found a staircase to the Ecumenical Temple.
  5618 | D:7      | Reached skill level 7 in Shields
  5868 | Temple   | Entered the Ecumenical Temple
  5931 | D:7      | Found a hazy altar of Hepliaklqana.
  6344 | D:7      | Reached skill level 8 in Shields
  6374 | D:7      | Noticed a two-headed ogre
  6380 | D:7      | Killed a two-headed ogre
  6381 | D:7      | Reached XP level 10. HP: 31/56 MP: 11/11
  6652 | D:7      | Found a burning altar of Makhleb.
  6654 | D:7      | Found a radiant altar of Vehumet.
  6806 | D:8      | Noticed a two-headed ogre
  6810 | D:8      | Reached skill level 9 in Shields
  6812 | D:8      | Killed a two-headed ogre
  7208 | D:8      | Reached skill level 10 in Shields
  8630 | D:9      | Found an ancient bone altar of Kikubaaqudgha.
  8769 | D:9      | Reached XP level 11. HP: 60/60 MP: 12/12
  8772 | D:9      | Reached skill level 11 in Shields
  8988 | D:10     | Entered Level 10 of the Dungeon
  9190 | D:10     | Found an iron altar of Okawaru.
  9230 | D:10     | Found a staircase to the Orcish Mines.
  9232 | D:10     | Noticed a two-headed ogre
  9251 | D:10     | Killed a two-headed ogre
  9252 | D:10     | Reached skill level 12 in Shields
  9271 | D:10     | Became a worshipper of Warmaster Okawaru
  9423 | D:10     | Found a staircase to the Lair.
  9581 | D:10     | HP: 3/60 [killer bee (2)]
 10077 | D:10     | Found a glowing silver altar of Zin.
 10342 | D:11     | Noticed Erolcha
 10350 | D:11     | Killed Erolcha
 10350 | D:11     | Reached * piety under Okawaru
 10353 | D:11     | Noticed a two-headed ogre
 10478 | D:10     | Killed a two-headed ogre
 10479 | D:10     | Reached skill level 13 in Shields
 10667 | D:11     | Noticed a white ugly thing
 10667 | D:11     | Noticed a red ugly thing
 10693 | D:11     | Killed a white ugly thing
 10696 | D:11     | Killed a red ugly thing
 10696 | D:11     | Reached ** piety under Okawaru
 10988 | D:11     | Noticed Josephine
 10996 | D:11     | Killed Josephine
 11017 | D:11     | Reached *** piety under Okawaru
 11018 | D:11     | Reached skill level 14 in Shields
 11037 | D:11     | Noticed a cyclops
 11046 | D:11     | Killed a cyclops
 11047 | D:11     | Reached XP level 12. HP: 60/64 MP: 13/13
 11145 | D:11     | Noticed Psyche
 11155 | D:11     | Killed Psyche
 11387 | D:11     | Found Qeihah's General Store.
 11390 | D:11     | Bought 3 scrolls of enchant armour for 225 gold pieces
 11390 | D:11     | Bought a scroll of silence for 95 gold pieces
 11390 | D:11     | Bought a potion of magic for 80 gold pieces
 11390 | D:11     | Bought a scroll of identify for 20 gold pieces
 11390 | D:11     | Bought a scroll of identify for 20 gold pieces
 11533 | D:12     | Noticed a centaur warrior
 11545 | D:12     | Killed a centaur warrior
 11546 | D:12     | Reached skill level 1 in Invocations
 11617 | D:12     | Reached **** piety under Okawaru
 11792 | D:12     | Found Tuumuoda's Antique Weapon Boutique.
 11835 | D:12     | You are sucked into a shaft and drop 2 floors!
 11903 | D:13     | Found an opulent altar of Gozag.
 11907 | D:13     | Found Gozag's Platinum Reserve.
 11918 | D:13     | Reached skill level 15 in Shields
 11985 | D:13     | Noticed a centaur warrior
 11994 | D:13     | Noticed a centaur warrior
 11998 | D:13     | Killed a centaur warrior
 12098 | D:13     | Noticed Rupert
 12103 | D:13     | Found a faded altar of an unknown god.
 12106 | D:13     | Mangled by Rupert

Illustrated notes

Levels and vault maps discovered:
D:1:      nzn_arrival_water_spiral, layout_loops_corners,
          shapermc_ecumenical_altar_flowoftime
D:2:      wander_river, layout_basic, basic_altar, due_unseen_surprise
D:3:      layout_loops_cross, nemelex_spade_bored_becter,
          kb_xom_exploding_sheep, serial_undead, serial_undead_f,
          serial_undead_c, serial_undead_b, serial_undead_c
D:4:      layout_rooms, nicolae_elyvilon_temple_path, lemuel_round_altar,
          serial_shops, nicolae_stop_n_shop_2, hangedman_decor_points,
          grunt_decor_arrowhead, uniq_pikel
D:5:      wad_river_or_something, layout_rooms
D:6:      layout_basic, mainiacjoe_overflow_small_starburst,
          minmay_manual_mares, uniq_menkaure
D:7:      layout_basic, nicolae_overflow_hidden_temple,
          minmay_temple_entry_water_ring, serial_corexii_hall,
          corexii_hall_statues_i, chequers_hall_statues_wall_a,
          corexii_hall_statues_i, minmay_between
D:8:      layout_basic
D:9:      layout_loops_ring, lemuel_coloured_pillars_altar, skrybe_limestone_x,
          minmay_stone_trees_small
D:10:     layout_cave_pods, okawaru_trees_2, zin_academy, lair_entry_dummy,
          orc_0_dummy
D:11:     layout_basic, serial_shops, nicolae_shop_behind_doors, uniq_erolcha,
          uniq_josephine, uniq_psyche
D:12:     minmay_ornate_pinched, layout_irregular_city, serial_shops,
          shop_fountains
D:13:     layout_cave_pods, grunt_vaults_entry_fortified, serial_column_ruins,
          column_ruins_hut, column_ruins_temple_circle,
          column_ruins_columns_corner, column_ruins_corridor_straight,
          column_ruins_corridor_straight, column_ruins_open_medium,
          column_ruins_grid_1, column_ruins_columns_straight,
          nicolae_gozag_zags_fifth_avenue, uniq_rupert
D:14:     layout_basic, gammafunk_ghost_crypt, nicolae_titane,
          nicolae_elemental_shop, uniq_kirke
Temple:   hellmonk_temple_of_storms

Skill      XL: |  1  2  3  4  5  6  7  8  9 10 11 12 |
---------------+-------------------------------------+-----
Axes           | 3 4 5 6 7 8 10 12 13 14 | 14.3
Shields        | 4 6 8 10 14 15 | 15.2
Invocations    | 1 |  1.5
Fighting       | |  3.1
Armour         | |  3.2

Action                     |  1- 3 |  4- 6 |  7- 9 | 10-12 || total
---------------------------+-------+-------+-------+-------++-------
  Melee: War axe           |    55 |   133 |    19 |       ||   207
         Kick              |    17 |    28 |    54 |    82 ||   181
         Peck              |     7 |    17 |    30 |    63 ||   117
         Whip              |       |       |    80 |       ||    80
         Flail             |       |       |    82 |   300 ||   382
  Throw: Dart              |       |     4 |       |     5 ||     9
 Invoke: Heroism           |       |       |       |     3 ||     3
  Evoke: Wand              |       |       |       |     2 ||     2
    Use: Potion            |       |       |     1 |     4 ||     5
         Scroll            |       |       |       |    11 ||    11
 Armour: Scale mail        |     9 |       |       |       ||     9
         Chain mail        |    11 |    49 |    29 |       ||    89
         Plate armour      |       |       |    28 |    88 ||   116
  Dodge: Dodged            |    15 |    41 |    34 |    62 ||   152
  Block: Buckler           |    11 |    57 |    92 |   218 ||   378
         Reflection        |       |       |    12 |    21 ||    33
